[Event "Titled Tuesday Blitz May 2 Late 2023"]
[White "Bilan, Danila"]
[Black "Avalos Parra, Joao"]
[WhiteFideId "24161918"]
[BlackFideId "3402541"]
[WhiteElo "2182"]
[BlackElo "2173"]
[Result "1-0"]
[Round "03"]
[TimeControl "180+2"]
[Date "2023.05.02"]
[WhiteClock "0:00:05"]
[BlackClock "0:00:02"]

1. d4 d5 2. Nf3 Nf6 3. c4 e6 4. Nc3 Bb4 5. Qb3 c5 6. e3 Nc6 7. Bd2 dxc4 8. Bxc4 a6 9. a3 Na5 10. Qa2 Nxc4 11. Qxc4 b5 12. Qe2 cxd4 13. axb4 dxc3 14. Bxc3 O-O 15. O-O Bb7 16. Rfd1 Qe7 17. Ne5 Rfd8 18. Nd3 Ne4 19. Bd4 Rac8 20. Rac1 Qg5 21. f3 Nd6 22. Nc5 Bd5 23. Nxa6 Bc4 24. Qf2 Nf5 25. Bc5 h5 26. e4 Nh4 27. Be3 Qf6 28. Nc5 Ng6 29. b3 Ne5 30. Bd4 Rxd4 31. Qxd4 Be2 32. f4 Qxf4 33. Re1 Bg4 34. Qf2 Qg5 35. Nxe6 Bxe6 36. Rxc8+ Bxc8 37. h4 Qf6 38. Qc5 Be6 39. Rf1 1-0


[Site "https://www.chess.com"]

[Event "Titled Tuesday Blitz May 2 Late 2023"]
[White "Smith, Garrett L"]
[Black "Karthik, Advaith"]
[WhiteFideId "2024829"]
[BlackFideId "30946050"]
[WhiteElo "2047"]
[BlackElo "2004"]
[Result "0-1"]
[Round "03"]
[TimeControl "180+2"]
[Date "2023.05.02"]
[WhiteClock "0:00:07"]
[BlackClock "0:00:07"]

1. e4 c5 2. a3 Nc6 3. b4 cxb4 4. axb4 Nxb4 5. d4 d5 6. c3 Nc6 7. exd5 Qxd5 8. Na3 e6 9. Nb5 Qd8 10. d5 exd5 11. Bf4 Qe7+ 12. Be2 Ne5 13. Qxd5 f6 14. Nf3 Be6 15. Qe4 a6 16. Nxe5 fxe5 17. Qxe5 Rc8 18. Nc7+ Kf7 19. O-O Bd7 20. Bc4+ Kg6 21. Bd3+ Kf7 22. Qd5+ Be6 23. Nxe6 Qxe6 24. Qxb7+ Be7 25. Rxa6 Qg4 26. Bd6 Re8 27. Re1 Qg5 28. Ra7 h5 29. Bxe7 Nxe7 30. Bc4+ Kf8 31. Re3 Rh6 32. h4 Qc5 33. Bb5 Rb6 34. Rf3+ Kg8 35. Qd7 Qxb5 0-1


[Site "https://www.chess.com"]

[Event "Titled Tuesday Blitz May 2 Late 2023"]
[White "Pesotskiy, Mikhail"]
[Black "Georg, Heinz"]
[WhiteFideId "34164453"]
[BlackFideId "4607295"]
[WhiteElo "2131"]
[BlackElo "2147"]
[Result "1-0"]
[Round "03"]
[TimeControl "180+2"]
[Date "2023.05.02"]
[WhiteClock "0:00:13"]
[BlackClock "0:00:05"]

1. c4 f5 2. Nc3 Nf6 3. d4 e6 4. Nf3 Be7 5. g3 O-O 6. Bg2 d6 7. O-O Ne4 8. Qb3 Nxc3 9. bxc3 Nc6 10. Ba3 Kh8 11. Rfd1 Qe8 12. c5 dxc5 13. Bxc5 Bxc5 14. dxc5 e5 15. Rab1 Rb8 16. Nd2 e4 17. Nc4 Be6 18. Qa4 Qf7 19. Na5 Nxa5 20. Qxa5 b6 21. Qxa7 Ra8 22. Qb7 bxc5 23. e3 Rxa2 24. Qc6 c4 25. Rb7 Rc8 26. Qc5 Qh5 27. Re1 Qe8 28. Bf1 Qf7 29. Reb1 h5 30. h4 g5 31. hxg5 Qg7 32. Rb8 Ra8 33. Rxc8+ Rxc8 34. Bxc4 Bxc4 35. Qxc4 Qxg5 36. Qe6 Rg8 37. Rb5 Rf8 38. Qe5+ Qf6 39. Qxc7 h4 40. Rb7 Qg6 41. Qe5+ Kg8 42. Qd5+ Kh8 43. Qe5+ Kg8 44. Kg2 hxg3 45. Qxg3 Qxg3+ 46. Kxg3 Rf7 47. Rxf7 Kxf7 48. Kf4 Ke6 49. c4 Kf6 50. c5 Ke6 51. c6 Kd6 52. Kxf5 Kxc6 53. Kxe4 Kd6 54. f4 1-0


[Site "https://www.chess.com"]

[Event "Titled Tuesday Blitz May 2 Late 2023"]
[White "Pein, Jonathan"]
[Black "Smith, Shreyas"]
[WhiteFideId "417092"]
[BlackFideId "7400713"]
[WhiteElo "2151"]
[BlackElo "2151"]
[Result "1-0"]
[Round "03"]
[TimeControl "180+2"]
[Date "2023.05.02"]
[WhiteClock "0:01:27"]
[BlackClock "0:00:08"]

1. Nf3 d5 2. e3 Nf6 3. b3 Bf5 4. Bb2 e6 5. Nh4 Bg4 6. Be2 Bxe2 7. Qxe2 c6 8. d4 Nbd7 9. Nd2 Be7 10. g4 O-O 11. g5 Ne4 12. Nxe4 dxe4 13. Rg1 a5 14. a4 Nb6 15. Qg4 Nd5 16. Qxe4 Bxg5 17. Nf3 Bf6 18. Ne5 Rc8 19. Ng4 b5 20. Rg3 c5 21. axb5 cxd4 22. Nxf6+ Nxf6 23. Qxd4 Kh8 24. O-O-O Qxd4 25. Bxd4 Nh5 26. Rg5 1-0


[Site "https://www.chess.com"]

[Event "Titled Tuesday Blitz May 2 Late 2023"]
[White "Ferriz Barrios, Andres"]
[Black "Suvorov, Luca"]
[WhiteFideId "5104467"]
[BlackFideId "12977071"]
[WhiteElo "2102"]
[BlackElo "2202"]
[Result "1-0"]
[Round "03"]
[TimeControl "180+2"]
[Date "2023.05.02"]
[WhiteClock "0:01:54"]
[BlackClock "0:00:07"]

1. d4 g6 2. Nf3 Bg7 3. Nc3 d6 4. Bf4 Nc6 5. Qd2 Nf6 6. O-O-O Bf5 7. h3 h5 8. Ng5 d5 9. f3 Bh6 10. e4 dxe4 11. fxe4 Bxg5 12. Bxg5 Nxe4 13. Nxe4 Bxe4 14. d5 f6 15. dxc6 fxg5 16. Qe3 Bd5 17. Bc4 bxc6 18. Qxg5 Qd6 19. Bxd5 cxd5 20. Rxd5 Qb6 21. Re1 O-O 22. Qh6 Rae8 23. Rde5 Rf6 24. g4 hxg4 25. hxg4 Qf2 26. Kb1 a5 27. a3 Qf4 28. Rg5 Qd2 29. Rxg6+ Kf7 30. Qxd2 Rxg6 31. Rf1+ Kg7 32. Qd4+ e5 33. Qd7+ 1-0


[Site "https://www.chess.com"]

[Event "Titled Tuesday Blitz May 2 Late 2023"]
[White "Golubev, Mikhail"]
[Black "Uddin, Mubassar"]
[WhiteFideId "14100983"]
[BlackFideId "2093944"]
[WhiteElo "2374"]
[BlackElo "2051"]
[Result "0-1"]
[Round "03"]
[TimeControl "180+2"]
[Date "2023.05.02"]
[WhiteClock "0:00:02"]
[BlackClock "0:00:09"]

1. d4 d5 2. c4 e6 3. Nc3 c5 4. cxd5 cxd4 5. Qxd4 Nc6 6. Qd1 exd5 7. e3 Nf6 8. Nf3 Bc5 9. Be2 O-O 10. O-O a6 11. Nd4 Re8 12. b3 Nxd4 13. exd4 Bd6 14. Bg5 Be6 15. Bf3 Bxh2+ 16. Kxh2 Qc7+ 17. Kg1 Qxc3 18. Bxf6 gxf6 19. Rc1 Qb4 20. Re1 Rac8 21. Rxc8 Rxc8 22. Bg4 f5 23. Bf3 Qc3 24. Re5 Qc2 25. Qxc2 Rxc2 26. a3 Rc1+ 27. Kh2 Rb1 28. Re3 Kg7 29. Kg3 Kf6 30. Kf4 Rh1 31. g4 fxg4 32. Bxh1 h5 33. Re5 h4 0-1


[Site "https://www.chess.com"]

[Event "Titled Tuesday Blitz May 2 Late 2023"]
[White "Bueno, Alfeu Junior Varela"]
[Black "Phillips, Rene"]
[WhiteFideId "2108879"]
[BlackFideId "2056275"]
[WhiteElo "2175"]
[BlackElo "1852"]
[Result "1-0"]
[Round "03"]
[TimeControl "180+2"]
[Date "2023.05.02"]
[WhiteClock "0:00:02"]
[BlackClock "0:00:05"]

1. e4 Nc6 2. Nc3 Nf6 3. d4 d5 4. e5 Nd7 5. Bb5 Nb6 6. Nf3 Bg4 7. h3 Bxf3 8. Qxf3 e6 9. Qg3 Qd7 10. Na4 a6 11. Nxb6 cxb6 12. Bxc6 Qxc6 13. c3 b5 14. O-O g6 15. f4 Be7 16. Kh1 Kd7 17. Bd2 Rhg8 18. b3 h5 19. Qd3 Rac8 20. Rac1 Ba3 21. Rc2 a5 22. Bc1 Be7 23. Bb2 a4 24. Rfc1 a3 25. Ba1 Qa6 26. Qf3 Qc6 27. Kh2 h4 28. Qd3 Qa6 29. Kg1 b6 30. Kf2 Rc7 31. Ke2 Ra8 32. c4 bxc4 33. bxc4 dxc4 34. Rxc4 Rxc4 35. Rxc4 Kd8 36. Bc3 Ke8 37. Kf3 Qb7+ 38. Qe4 Qxe4+ 39. Kxe4 Kd8 40. d5 exd5+ 41. Kxd5 Rc8 42. Rxc8+ Kxc8 43. Kc6 Bc5 44. Be1 Be3 45. Bxh4 Bxf4 46. Bf6 b5 47. Kxb5 Kd7 48. Kb4 Bc1 49. Bg7 Ke6 50. Kb3 g5 51. Bf8 Bf4 52. Bxa3 Kxe5 53. Bc5 Ke4 54. a4 Bc7 55. Kb4 f5 56. a5 Bb8 57. a6 Kd3 58. a7 Bxa7 59. Bxa7 Ke2 60. Bd4 Kf1 61. g3 Kg2 62. h4 1-0


[Site "https://www.chess.com"]

[Event "Titled Tuesday Blitz May 2 Late 2023"]
[White "Debray, Christopher"]
[Black "Kapp, Martin"]
[WhiteFideId "630810"]
[BlackFideId "24651680"]
[WhiteElo "2340"]
[BlackElo "2177"]
[Result "1/2-1/2"]
[Round "03"]
[TimeControl "180+2"]
[Date "2023.05.02"]
[WhiteClock "0:00:10"]
[BlackClock "0:00:18"]

1. d4 Nf6 2. c4 e6 3. Nc3 Bb4 4. a3 Bxc3+ 5. bxc3 O-O 6. e3 d6 7. Bd3 e5 8. e4 Nc6 9. Ne2 Re8 10. Bg5 h6 11. Bxf6 Qxf6 12. d5 Na5 13. O-O b6 14. f4 Ba6 15. fxe5 Qxe5 16. Rf5 Qe7 17. Qa4 Rf8 18. Ng3 g6 19. Rf4 Qe5 20. Raf1 Qxc3 21. Qd7 Qg7 22. Rf6 Bxc4 23. Bxc4 Nxc4 24. Qxc7 Ne3 25. R1f3 Ng4 26. R6f4 Qd4+ 27. Kh1 Rac8 28. Rxf7 Qd1+ 29. Nf1 Qa1 30. Rxf8+ Rxf8 31. Rxf8+ Kxf8 32. Qxd6+ Kg7 33. Qd7+ Kg8 34. Qe8+ Kg7 35. Qe7+ Kg8 36. Qe8+ Kg7 37. Qe7+ Kg8 38. Qe8+ 1/2-1/2


[Site "https://www.chess.com"]

[Event "Titled Tuesday Blitz May 2 Late 2023"]
[White "Quirke, Jeffrey"]
[Black "Marcziter, Dmitrii"]
[WhiteFideId "2013029"]
[BlackFideId "13900765"]
[WhiteElo "2007"]
[BlackElo "2162"]
[Result "1-0"]
[Round "03"]
[TimeControl "180+2"]
[Date "2023.05.02"]
[WhiteClock "0:00:23"]
[BlackClock "0:00:25"]

1. e4 c5 2. Nc3 a6 3. g3 b5 4. Bg2 Bb7 5. d3 e6 6. Nh3 Nc6 7. O-O Nf6 8. f4 d5 9. e5 Nd7 10. f5 Ndxe5 11. fxe6 fxe6 12. Ng5 Qd7 13. Qh5+ g6 14. Qh3 Nd4 15. Bf4 Bd6 16. Rae1 Nxc2 17. Rxe5 Bxe5 18. Bxe5 Rf8 19. Rxf8+ Kxf8 20. Nxe6+ Kg8 21. Qh6 Qe7 22. Nxd5 Bxd5 23. Bxd5 Nb4 24. Bxa8 c4 25. dxc4 bxc4 26. Qg7+ Qxg7 27. Nxg7 Nd3 28. Bd5+ Kf8 29. Bc3 Ke7 30. Bxc4 Nc1 31. Ne6 Kd6 32. Nf4 g5 33. Nd3 g4 34. Nxc1 a5 35. Bb3 Kc5 36. Bxa5 Kb5 37. Bc3 h5 38. Kf2 Kc5 39. Ke3 Kd6 40. Kf4 Kc5 41. Kg5 1-0


[Site "https://www.chess.com"]

[Event "Titled Tuesday Blitz May 2 Late 2023"]
[White "Winkels, Marcel"]
[Black "Gerbelli Neto, Eduardo"]
[WhiteFideId "1003887"]
[BlackFideId "2103281"]
[WhiteElo "1900"]
[BlackElo "2178"]
[Result "1-0"]
[Round "03"]
[TimeControl "180+2"]
[Date "2023.05.02"]
[WhiteClock "0:00:21"]
[BlackClock "0:00:06"]

1. d4 d5 2. Nc3 Nf6 3. Bf4 Bf5 4. e3 e6 5. Nf3 Be7 6. Ne5 Nbd7 7. g4 Bg6 8. h4 h5 9. Nxg6 fxg6 10. Bd3 Nxg4 11. Bxg6+ Kf8 12. Qf3 Ndf6 13. O-O-O c5 14. dxc5 Bxc5 15. e4 Nxf2 16. Rhf1 Nxd1 17. Rxd1 Qa5 18. e5 Be7 19. exf6 Bxf6 20. Be5 Ke7 21. Bxf6+ gxf6 22. Bxh5 Rad8 23. Bg4 f5 24. Bh3 Rxh4 25. Bg2 Rg8 26. Qe2 Kf6 27. Bxd5 exd5 28. Nxd5+ Kg6 29. Rg1+ Kh7 30. Qe7+ Kh8 31. Qxh4# 1-0


[Site "https://www.chess.com"]

[Event "Titled Tuesday Blitz May 2 Late 2023"]
[White "Fernandez Siles, Luis"]
[Black "Sailer, Mike"]
[WhiteFideId "2209420"]
[BlackFideId "2012901"]
[WhiteElo "2195"]
[BlackElo "2109"]
[Result "1-0"]
[Round "03"]
[TimeControl "180+2"]
[Date "2023.05.02"]
[WhiteClock "0:00:16"]
[BlackClock "0:00:23"]

1. d4 d5 2. c4 Bf5 3. cxd5 Bxb1 4. Qa4+ Qd7 5. Qxd7+ Nxd7 6. Rxb1 Ngf6 7. Bd2 Nb6 8. f3 Nbxd5 9. e4 Nb6 10. d5 O-O-O 11. Nh3 h6 12. Nf2 e6 13. dxe6 fxe6 14. Bc3 Na4 15. Bd2 Bc5 16. Nd3 Bd4 17. Be2 Kb8 18. a3 c5 19. Nf4 Rhe8 20. Bb5 Nxb2 21. Bxe8 Rxe8 22. Ke2 c4 23. Rhc1 b5 24. Bc3 Bxc3 25. Rxc3 Na4 26. Rxb5+ Ka8 27. Rxc4 Nb6 28. Rc7 g5 29. Nd3 Rd8 30. Ra5 Nc8 31. Nc5 Ne8 32. Rh7 Ned6 33. Nxe6 Rg8 34. Nc7+ Kb8 35. Nb5 Nc4 36. Ra4 N4b6 37. Rb4 Rd8 38. Nxa7 Nxa7 39. Rxb6+ Ka8 40. Ra6 1-0


[Site "https://www.chess.com"]

[Event "Titled Tuesday Blitz May 2 Late 2023"]
[White "Gatterer, Florian"]
[Black "Chemin, Justo Reinaldo"]
[WhiteFideId "811688"]
[BlackFideId "2101580"]
[WhiteElo "2221"]
[BlackElo "1940"]
[Result "1/2-1/2"]
[Round "03"]
[TimeControl "180+2"]
[Date "2023.05.02"]
[WhiteClock "0:00:39"]
[BlackClock "0:00:57"]

1. c4 e6 2. g3 d5 3. Bg2 Nf6 4. Nf3 c6 5. b3 Nbd7 6. O-O Be7 7. Bb2 O-O 8. d4 b6 9. Nc3 Ba6 10. Nd2 Rc8 11. e4 dxc4 12. bxc4 e5 13. Qa4 exd4 14. Qxa6 dxc3 15. Bxc3 Nc5 16. Qa3 Ncxe4 17. Qb2 Nxc3 18. Qxc3 Bc5 19. Rad1 Qd4 20. Qc2 Rfd8 21. Nb3 Qe5 22. Rxd8+ Rxd8 23. Bxc6 Ng4 24. Bd5 Qh5 25. h4 Nf6 26. Nxc5 bxc5 27. Bg2 Qe5 28. Qc1 Rd4 29. Re1 Qd6 30. Bd5 h6 31. Qa3 Nxd5 32. cxd5 Qxd5 33. Qxa7 c4 34. Qb8+ Kh7 35. Qe5 Qxe5 36. Rxe5 Rd2 37. Rc5 Rxa2 38. Rxc4 Ra7 39. Kg2 Re7 40. Rc6 h5 41. Rc5 g6 42. Rc6 Rd7 43. Rb6 Re7 44. Rc6 Rd7 45. Rb6 Re7 46. Rc6 1/2-1/2


[Site "https://www.chess.com"]

[Event "Titled Tuesday Blitz May 2 Late 2023"]
[White "Lopez Del Alamo, Antonio"]
[Black "Oliveira, Tiago Batista"]
[WhiteFideId "2227339"]
[BlackFideId "2108291"]
[WhiteElo "2175"]
[BlackElo "1962"]
[Result "1-0"]
[Round "03"]
[TimeControl "180+2"]
[Date "2023.05.02"]
[WhiteClock "0:02:20"]
[BlackClock "0:00:50"]

1. e4 c5 2. Nf3 Nc6 3. b4 b6 4. b5 Nd4 5. c3 Nxf3+ 6. Qxf3 Bb7 7. d4 Nf6 8. Bd3 d5 9. e5 Ne4 10. O-O e6 11. a4 cxd4 12. cxd4 Be7 13. Nd2 f5 14. exf6 Nxf6 15. Qh3 Qd7 16. Nf3 Bd6 17. Bg6+ hxg6 18. Qxh8+ Kf7 19. Ng5+ 1-0


[Site "https://www.chess.com"]

[Event "Titled Tuesday Blitz May 2 Late 2023"]
[White "Van Dael, Siem"]
[Black "Hartikainen, Jarmo"]
[WhiteFideId "1049771"]
[BlackFideId "503134"]
[WhiteElo "2336"]
[BlackElo "2108"]
[Result "1-0"]
[Round "03"]
[TimeControl "180+2"]
[Date "2023.05.02"]
[WhiteClock "0:00:25"]
[BlackClock "0:00:06"]

1. e4 c5 2. Nf3 Nc6 3. d4 cxd4 4. Nxd4 Nf6 5. Nc3 d6 6. Bg5 Bd7 7. Qd2 a6 8. O-O-O e6 9. f3 Be7 10. Nxc6 Bxc6 11. Kb1 Qc7 12. g4 Rc8 13. Be3 b5 14. Ne2 Nd7 15. Nd4 Ne5 16. Nxc6 Qxc6 17. Be2 O-O 18. Rhe1 Nc4 19. Bxc4 bxc4 20. Bd4 a5 21. f4 a4 22. a3 Rb8 23. Bc3 Bf6 24. Bxf6 gxf6 25. Qc3 e5 26. g5 Kh8 27. gxf6 Rb5 28. Rd5 Rfb8 29. Rxb5 Qxb5 30. fxe5 dxe5 31. Rd1 h6 32. Rd5 1-0


[Site "https://www.chess.com"]

[Event "Titled Tuesday Blitz May 2 Late 2023"]
[White "Bryant, Todd"]
[Black "Ng, Gary"]
[WhiteFideId "2031299"]
[BlackFideId "2604914"]
[WhiteElo "2075"]
[BlackElo "2213"]
[Result "1-0"]
[Round "03"]
[TimeControl "180+2"]
[Date "2023.05.02"]
[WhiteClock "0:01:43"]
[BlackClock "0:01:07"]

1. e4 c6 2. d4 d5 3. f3 dxe4 4. fxe4 e5 5. Nf3 exd4 6. Bc4 Nf6 7. O-O Bc5 8. Ng5 O-O 9. Nxf7 Rxf7 10. Bxf7+ Kxf7 11. e5 d3+ 12. Kh1 Qd5 13. exf6 dxc2 14. Qxc2 g6 15. Nc3 Qc4 16. Rf4 Qe6 17. Ne4 Qd5 18. Qxc5 Qd1+ 19. Qg1 1-0


[Site "https://www.chess.com"]

[Event "Titled Tuesday Blitz May 2 Late 2023"]
[White "Dias, Joao Batista"]
[Black "Bogaudinov, Rushan"]
[WhiteFideId "2108240"]
[BlackFideId "4129288"]
[WhiteElo "1907"]
[BlackElo "1967"]
[Result "0-1"]
[Round "03"]
[TimeControl "180+2"]
[Date "2023.05.02"]
[WhiteClock "0:00:30"]
[BlackClock "0:01:43"]

1. e4 c5 2. Nf3 e6 3. d4 cxd4 4. Qxd4 Nc6 5. Qe3 Nf6 6. h3 d5 7. exd5 Nxd5 8. Qg5 Qxg5 9. Bxg5 Bc5 10. Nbd2 O-O 11. Bd3 Ncb4 12. O-O Nxd3 13. cxd3 f6 14. Bh4 Nf4 15. d4 Ne2+ 16. Kh1 Nxd4 17. Rac1 Nxf3 18. Nxf3 Bb6 19. b4 e5 20. a4 a5 21. Rb1 Kf7 22. g4 g5 23. Bg3 h5 24. Nd2 hxg4 25. hxg4 Bxg4 26. Ne4 Bf3+ 0-1


[Site "https://www.chess.com"]

[Event "Titled Tuesday Blitz May 2 Late 2023"]
[White "Joubert, Dantelle"]
[Black "Kula, Robert"]
[WhiteFideId "14310813"]
[BlackFideId "1101218"]
[WhiteElo "1507"]
[BlackElo "2180"]
[Result "0-1"]
[Round "03"]
[TimeControl "180+2"]
[Date "2023.05.02"]
[WhiteClock "0:00:02"]
[BlackClock "0:01:06"]

1. e4 e5 2. Nf3 Nc6 3. Bb5 Nd4 4. Nxd4 exd4 5. O-O Bc5 6. c3 Ne7 7. a4 a6 8. Bc4 O-O 9. d3 d5 10. exd5 Nxd5 11. Qf3 Be6 12. Nd2 dxc3 13. bxc3 Nxc3 14. Bxe6 fxe6 15. Qxb7 Qxd3 16. Qc6 Bd6 17. Qc4 Ne2+ 18. Kh1 Nxc1 19. Qxc1 Bf4 20. Ra2 Rad8 21. Rd1 Rd7 22. Qc6 Qe2 23. Qf3 Qxf3 24. gxf3 Rfd8 25. Rc2 Rxd2 0-1


[Site "https://www.chess.com"]

[Event "Titled Tuesday Blitz May 2 Late 2023"]
[White "Carrasco Miranda, Andres"]
[Black "Eisa Mohmood, Alkhoori"]
[WhiteFideId "3405990"]
[BlackFideId "9316116"]
[WhiteElo "2183"]
[BlackElo "1310"]
[Result "0-1"]
[Round "03"]
[TimeControl "180+2"]
[Date "2023.05.02"]
[WhiteClock "0:00:22"]
[BlackClock "0:01:57"]

1. d4 Nf6 2. c4 g6 3. g3 d5 4. cxd5 Bg7 5. Bg2 Nxd5 6. Nc3 Nxc3 7. bxc3 c5 8. Nf3 Qa5 9. Bd2 O-O 10. O-O Nc6 11. e3 Rd8 12. Qe2 b6 13. d5 Rxd5 14. c4 Rxd2 15. Nxd2 Bb7 16. Nb3 Qc3 17. Rac1 Qf6 18. Rfd1 h5 19. h4 Qe6 20. Bd5 Qc8 21. Qf3 e6 22. Be4 f5 23. Bxc6 Bxc6 24. Qf4 Qb7 25. Rd6 Bh1 26. f3 e5 27. Qg5 Qxf3 28. Rc2 Qd1+ 29. Kh2 Qxd6 30. Kxh1 Qd1+ 31. Kh2 Qxc2+ 32. Kh3 Qxa2 33. Qxg6 Qxb3 34. Qe6+ Kh8 35. Qxf5 Qxc4 36. Qxh5+ Kg8 37. Qf3 Rf8 38. Qb7 Qf7 39. h5 0-1


[Site "https://www.chess.com"]

[Event "Titled Tuesday Blitz May 2 Late 2023"]
[White "Napoli, Nicolo"]
[Black "Vargas, Mauricio"]
[WhiteFideId "813702"]
[BlackFideId "4404572"]
[WhiteElo "2308"]
[BlackElo "1998"]
[Result "1-0"]
[Round "03"]
[TimeControl "180+2"]
[Date "2023.05.02"]
[WhiteClock "0:00:23"]
[BlackClock "0:00:01"]

1. e4 d5 2. exd5 Qxd5 3. Nc3 Qa5 4. Nf3 c6 5. Rb1 Bg4 6. b4 Qc7 7. h3 Bh5 8. Bc4 Nf6 9. a4 a6 10. Qe2 b5 11. Bb3 e6 12. g4 Bg6 13. Ne5 Bd6 14. f4 O-O 15. h4 h5 16. Nxg6 fxg6 17. Bxe6+ Kh7 18. f5 Re8 19. Ne4 Nxe4 20. Qxe4 Bg3+ 21. Kd1 Qe5 22. Qxe5 Bxe5 23. Bf7 Re7 24. fxg6+ Kh8 25. gxh5 Nd7 26. c3 Nf6 27. d4 Bc7 28. h6 Ng4 29. Rg1 Nf2+ 30. Kc2 Re2+ 31. Kb3 bxa4+ 32. Kxa4 a5 33. b5 cxb5+ 34. Rxb5 Ra2+ 35. Bxa2 gxh6 36. g7+ 1-0


[Site "https://www.chess.com"]

[Event "Titled Tuesday Blitz May 2 Late 2023"]
[White "Ismayilova, Khanim"]
[Black "De Souza, Cristiano Gomes"]
[WhiteFideId "13429019"]
[BlackFideId "2151758"]
[WhiteElo "1633"]
[BlackElo "2068"]
[Result "0-1"]
[Round "03"]
[TimeControl "180+2"]
[Date "2023.05.02"]
[WhiteClock "0:00:01"]
[BlackClock "0:00:47"]

1. c4 e5 2. Nc3 Nc6 3. Nf3 g6 4. e3 Bg7 5. d4 exd4 6. exd4 d6 7. Be2 Nge7 8. O-O O-O 9. d5 Ne5 10. Nxe5 Bxe5 11. Bg5 Bg7 12. Ne4 f6 13. Be3 Nf5 14. Qd2 Nxe3 15. Qxe3 Re8 16. Qf3 f5 17. Nc3 Bd7 18. Rfe1 Qf6 19. Bd3 a6 20. h3 Rxe1+ 21. Rxe1 Re8 22. Rxe8+ Bxe8 23. Qe2 Bf7 24. Bc2 Qd4 25. Kf1 Be5 26. Qd3 c6 27. Qxd4 Bxd4 28. Bb3 Kg7 29. Ke2 Kf6 30. f3 Ke5 31. g3 g5 32. Kd3 Bf2 33. g4 f4 34. Ne2 Bg6+ 35. Kd2 Be3+ 36. Kd1 Bd3 37. dxc6 bxc6 38. Ba4 Bxc4 39. Bxc6 d5 40. a3 d4 41. Ba4 d3 42. Nc3 Kd4 43. Nb1 Bd5 44. Nd2 Bxd2 45. Kxd2 Bxf3 0-1


[Site "https://www.chess.com"]

[Event "Titled Tuesday Blitz May 2 Late 2023"]
[White "Fuentes Godoy, Lilia Ivonne"]
[Black "Munoz Misselis, Nelson Carlos"]
[WhiteFideId "5104130"]
[BlackFideId "6601790"]
[WhiteElo "2096"]
[BlackElo "1749"]
[Result "1-0"]
[Round "03"]
[TimeControl "180+2"]
[Date "2023.05.02"]
[WhiteClock "0:00:31"]
[BlackClock "0:01:44"]

1. d4 Nf6 2. c4 g6 3. d5 Bg7 4. Nc3 d6 5. e4 c5 6. Be2 O-O 7. Nf3 e5 8. h3 a6 9. g4 Nbd7 10. Bg5 Qc7 11. a4 Re8 12. Qd2 Nf8 13. Bh6 Bh8 14. Nh4 b6 15. Rg1 Bb7 16. Qg5 Qd8 17. Nf5 Re7 18. Nxe7+ Qxe7 19. h4 N8d7 20. h5 Re8 21. hxg6 fxg6 22. Qh4 Nf8 23. Bg5 Bc8 24. Bxf6 Qe6 25. Bxh8 1-0


[Site "https://www.chess.com"]

[Event "Titled Tuesday Blitz May 2 Late 2023"]
[White "Firouzja, Alireza"]
[Black "Zhigalko, Sergei"]
[WhiteFideId "12573981"]
[BlackFideId "13502956"]
[WhiteElo "2904"]
[BlackElo "2626"]
[Result "1-0"]
[Round "04"]
[TimeControl "180+2"]
[Date "2023.05.02"]
[WhiteClock "0:00:09"]
[BlackClock "0:00:01"]

1. d4 Nf6 2. c4 e6 3. Nf3 b6 4. g3 Ba6 5. b3 Bb4+ 6. Bd2 Be7 7. Nc3 O-O 8. Bg2 c6 9. e4 d5 10. e5 Ne4 11. cxd5 Nxd2 12. Qxd2 cxd5 13. Bf1 Qd7 14. Bxa6 Nxa6 15. O-O Rac8 16. a3 Nb8 17. Rfe1 Rc7 18. Qd3 Rfc8 19. Ne2 a5 20. h4 h6 21. Kg2 Rc2 22. g4 Qb7 23. g5 Qa6 24. Qe3 hxg5 25. hxg5 g6 26. Ng3 R8c3 27. Qf4 Rxb3 28. Rh1 Rbb2 29. Raf1 Bf8 30. Qf6 Qxf1+ 31. Nxf1 1-0


[Site "https://www.chess.com"]

[Event "Titled Tuesday Blitz May 2 Late 2023"]
[White "Duda, Jan-Krzysztof"]
[Black "Dardha, Daniel"]
[WhiteFideId "1170546"]
[BlackFideId "240990"]
[WhiteElo "2790"]
[BlackElo "2581"]
[Result "0-1"]
[Round "04"]
[TimeControl "180+2"]
[Date "2023.05.02"]
[WhiteClock "0:00:12"]
[BlackClock "0:00:08"]

1. e4 c5 2. Nf3 d6 3. Bc4 Nf6 4. d3 e6 5. Bb3 Be7 6. c3 O-O 7. O-O Nc6 8. Re1 b5 9. d4 Bb7 10. Qe2 Re8 11. Qxb5 Rb8 12. Qe2 Qb6 13. dxc5 Qxc5 14. Be3 Qh5 15. Nbd2 d5 16. Bf4 dxe4 17. Nxe4 Nxe4 18. Bxb8 Nxb8 19. Bc2 Nf6 20. Ne5 Qg5 21. g3 Nc6 22. Ba4 Nxe5 23. Qxe5 Qg4 24. Qf4 Qh3 25. f3 Bc5+ 26. Kh1 Nh5 0-1


[Site "https://www.chess.com"]

[Event "Titled Tuesday Blitz May 2 Late 2023"]
[White "Kamsky, Gata"]
[Black "Bluebaum, Matthias"]
[WhiteFideId "2000024"]
[BlackFideId "24651516"]
[WhiteElo "2660"]
[BlackElo "2638"]
[Result "1/2-1/2"]
[Round "04"]
[TimeControl "180+2"]
[Date "2023.05.02"]
[WhiteClock "0:02:03"]
[BlackClock "0:01:46"]

1. d4 d5 2. Nf3 e6 3. g3 Nf6 4. c4 Nc6 5. Bg2 Bd6 6. O-O O-O 7. Bg5 h6 8. Bxf6 Qxf6 9. Nc3 dxc4 10. Ne4 Qe7 11. Qa4 e5 12. Nxd6 cxd6 13. Qxc4 Bg4 14. dxe5 Bxf3 15. Bxf3 Nxe5 16. Qd5 Nxf3+ 17. Qxf3 Rac8 1/2-1/2


[Site "https://www.chess.com"]

[Event "Titled Tuesday Blitz May 2 Late 2023"]
[White "Andreikin, Dmitry"]
[Black "Babazada, Khazar"]
[WhiteFideId "4158814"]
[BlackFideId "13413554"]
[WhiteElo "2736"]
[BlackElo "2351"]
[Result "1-0"]
[Round "04"]
[TimeControl "180+2"]
[Date "2023.05.02"]
[WhiteClock "0:01:31"]
[BlackClock "0:01:49"]

1. d4 Nf6 2. Bg5 e6 3. Nd2 h6 4. Bh4 d5 5. e3 c5 6. c3 Nc6 7. f4 Be7 8. Bd3 g5 9. Bg3 h5 10. fxg5 Ng4 11. Nh3 Bxg5 12. Nxg5 Qxg5 13. Bf4 Qh4+ 14. g3 Qe7 15. h3 Nf6 16. Bg5 Rg8 17. Bh4 e5 18. dxc5 e4 19. Bb5 Rg6 20. Nb3 Bd7 21. Bxc6 bxc6 22. Qd4 Qe6 23. O-O-O Ng8 24. Qh8 a5 25. Nd4 1-0


[Site "https://www.chess.com"]

[Event "Titled Tuesday Blitz May 2 Late 2023"]
[White "Quesada Perez, Yasser"]
[Black "Grischuk, Alexander"]
[WhiteFideId "3509362"]
[BlackFideId "4126025"]
[WhiteElo "2496"]
[BlackElo "2727"]
[Result "0-1"]
[Round "04"]
[TimeControl "180+2"]
[Date "2023.05.02"]
[WhiteClock "0:00:06"]
[BlackClock "0:00:46"]

1. e4 e6 2. d3 c5 3. Nf3 Nc6 4. g3 Nge7 5. Bg2 g6 6. h4 h6 7. O-O Bg7 8. c3 e5 9. d4 exd4 10. cxd4 cxd4 11. e5 d6 12. Nxd4 dxe5 13. Nb5 O-O 14. N1c3 Nd4 15. Nxd4 exd4 16. Nb5 Qb6 17. a4 a6 18. Na3 Be6 19. a5 Qxa5 20. Bxb7 Rab8 21. Bg2 Bd5 22. Bxd5 Qxd5 23. Qd3 Nc6 24. Qxa6 Ne5 25. Rd1 Rfe8 26. Bf4 Nf3+ 27. Kf1 Rxb2 28. Qc4 Nd2+ 0-1


[Site "https://www.chess.com"]

[Event "Titled Tuesday Blitz May 2 Late 2023"]
[White "Sarana, Alexey"]
[Black "Remizov, Yaroslav"]
[WhiteFideId "24133795"]
[BlackFideId "34134015"]
[WhiteElo "2714"]
[BlackElo "2412"]
[Result "1-0"]
[Round "04"]
[TimeControl "180+2"]
[Date "2023.05.02"]
[WhiteClock "0:02:58"]
[BlackClock "0:02:37"]

1. d4 Nf6 2. c4 e6 3. Nc3 c5 4. d5 d6 5. e4 g6 6. Bd3 Bg7 7. Nf3 O-O 8. h3 exd5 9. cxd5 a6 10. a4 Re8 11. O-O 1-0


[Site "https://www.chess.com"]